 Dungeon Crawl Stone Soup version 0.21-a0-59-g7b0e191 (webtiles) character file.

78 Duffy the Skirmisher (level 4, -2/29 HPs)
             Began as a Gargoyle Fighter on June 16, 2017.
             Slain by an ogre
             ... wielding a cursed -1 giant spiked club
              (31 damage)
             ... on level 5 of the Dungeon.
             The game lasted 00:00:35 (343 turns).

Duffy the Skirmisher (Gargoyle Fighter)              Turns: 343, Time: 00:00:36

Health: -2/29      AC: 11    Str: 20    XL:     4   Next: 36%
Magic:  4/4        EV:  7    Int:  9    God:
Gold:   14         SH:  9    Dex:  9    Spells: 3/3 levels left

rFire    . . .     SeeInvis .   a - +0 war axe
rCold    . . .     Gourm    .   c - +0 shield
rNeg     + . .     Faith    .   b - +0 scale mail
rPois    ∞         Spirit   .   (no helmet)
rElec    +         Reflect  .   (no cloak)
rCorr    .         Harm     .   i - +0 pair of gloves
MR       .....                  (no boots)
Stlth    ..........             (no amulet)
HPRegen  0.09/turn              (no ring)
MPRegen  0.09/turn              (no ring)

@: no status effects
A: negative energy resistance 1, electricity resistance, unbreathing,
petrification resistance, rot immunity, AC +3
a: no special abilities


You were on level 5 of the Dungeon.
You were not hungry.

You visited 1 branch of the dungeon, and saw 5 of its levels.

You collected 14 gold pieces.

Inventory:

Hand Weapons
 a - a +0 war axe (weapon)
Armour
 b - a +0 scale mail (worn)
 c - a +0 shield (worn)
 i - a +0 pair of gloves (worn)
Scrolls
 j - a scroll of immolation {unknown}
Potions
 d - a potion of might
 e - a potion of curing {unknown}
 h - a potion of resistance {unknown}
Comestibles
 f - a bread ration
 g - a royal jelly


   Skills:
 + Level 4.1 Fighting
 * Level 2.9 Axes
 + Level 3.7 Armour
 + Level 3.7 Shields


You had 3 spell levels left.
You didn't know any spells.

Dungeon Overview and Level Annotations

Branches:
Dungeon (5/15)
 Temple: D:4-7

Altars:


Innate Abilities, Weirdness & Mutations

You are resistant to torment.
Your stone body is resilient. (AC +3)
You are immune to poison.
You resist negative energy. (rN+)
You are resistant to electric shocks. (rElec)
You can survive without breathing.
You are immune to petrification.
You are immune to rotting.


Message History

HP restored.
All of the chunks of flesh in your inventory have rotted away.
h - a sedimented ruby potion
(D) Dungeon
Where to? (Enter - D:4, ? - help)
There is a stone staircase leading down here.
You climb downwards.
You hear the hiss of flowing sand.
There is an entrance to an ossuary on this level.
Hurry and find it before the portal is buried!
An ogre comes into view. It is wielding a giant spiked club.
The ogre shouts!
Found a sedimented orange potion.
There is a stone staircase leading up here.
An iguana, an orc and an orc wizard come into view.
The iguana hisses angrily.
The orc wizard shouts!
The orc shouts!
Found a scroll labeled RYENEP ZANYVUH.
An orc comes into view. It is wielding a club.
The ogre hits you with a giant spiked club!!
Ouch! That really hurt!
You die...

##o. #.
...o.#.#
##o...#..
.....l#.###
##........
.?.......##
.........<#
#...#..##
#....@.#
#...O........
#.!..........
#...#.##..#.#
#...#.# .....
#...#.# ..#.#
#.. ... ...#
#.. ... ..


You could see an ogre, an iguana, an orc wizard and an orc.

Vanquished Creatures
  A scorpion (D:4)
  An adder (D:3)
  An adder skeleton (D:4)
  2 worms (D:3)
  A leopard gecko (D:4)
  An orc (D:3)
  A goblin (D:1)
  2 jackals
  A quokka (D:4)
11 creatures vanquished.

Notes
Turn   | Place    | Note
-------+----------+-------------------------------------------
     0 | D:1      | Duffy the Gargoyle Fighter began the quest for the Orb.
     0 | D:1      | Reached XP level 1. HP: 14/14 MP: 1/1
    33 | D:3      | Reached XP level 2. HP: 19/19 MP: 2/2
   106 | D:4      | Noticed a scorpion
   110 | D:4      | Reached XP level 3. HP: 23/23 MP: 3/3
   123 | D:4      | Killed a scorpion
   123 | D:4      | Reached skill level 4 in Fighting
   123 | D:4      | Reached XP level 4. HP: 10/29 MP: 4/4
   341 | D:5      | Entered Level 5 of the Dungeon
   341 | D:5      | Noticed an ogre
   343 | D:5      | Slain by an ogre

Vault maps used:
D:1:      onia_arrival_handbag
D:2:      uniq_crazy_yiuf_cottage
D:3:      uniq_natasha
D:4:      kennysheep_goblin_castle, lightli_temple_of_fire,
          overflow_temple_1_default, hangedman_decor_growths, st_stairs_2,
          elyvilon_altar_4, uniq_edmund
D:5:      nicolae_ossuary_entry_ruins, first_bread, fedhas_altar_4, uniq_grinder

Skill      XL: |  1  2  3 |
---------------+----------+-----
Axes           | 2 |  2.9
Fighting       | 4 |  4.1
Armour         | |  3.7
Shields        | |  3.7

Action                   |  1- 3 |  4- 6 || total
-------------------------+-------+-------++-------
Melee: War axe           |    39 |     1 ||    40
Armor: Scale mail        |     8 |     1 ||     9
Dodge: Dodged            |    15 |       ||    15
Block: Shield            |    22 |       ||    22
